 Dungeon Crawl Stone Soup version 0.24-a0-335-g06ca16a (webtiles) character file.

Game seed: 1648469890481355279

1664 Borgoz the Slasher (level 9, -1/112 HPs)
             Began as a Hill Orc Gladiator on May 19, 2019.
             Slain by an orc warrior
             ... wielding a +0 battleaxe
              (6 damage)
             ... on level 6 of the Dungeon.
             The game lasted 00:08:22 (4749 turns).

Borgoz the Slasher (Hill Orc Gladiator)             Turns: 4749, Time: 00:08:23

Health: -1/112     AC: 24    Str: 17    XL:     9   Next: 1%
Magic:  9/9        EV:  2    Int:  8    God:
Gold:   285        SH:  0    Dex: 17    Spells: 8/8 levels left

rFire    . . .     SeeInvis .   w - +0 long sword
rCold    . . .     Gourm    .   (no shield)
rNeg     + + +     Faith    .   (armour currently unavailable)
rPois    +         Spirit   .   (helmet currently unavailable)
rElec    .         Reflect  .   (cloak currently unavailable)
rCorr    .         Harm     .   (gloves currently unavailable)
MR       .....     NoTele   +   (boots currently unavailable)
Stlth    +.........             (no amulet)
HPRegen  0.28/turn              n - ring "Isos" {rN++ Dex+2}
MPRegen  0.11/turn              (no ring)

@: confused, lethally poisoned (-1 -> -4), tree-form, berserk cooldown, slowed,
very slow
A: no striking features
a: no special abilities


You were on level 6 of the Dungeon.
You were not hungry.
You were a tree.
You visited 1 branch of the dungeon, and saw 6 of its levels.

You collected 285 gold pieces.

Inventory:

Hand Weapons
 w - a +0 long sword (weapon)
Missiles
 d - 4 throwing nets (quivered)
Armour
 c - a +0 helmet (melded)
 g - a +2 cloak of poison resistance (melded)
 r - a +0 pair of gloves (melded)
 s - a +0 pair of boots (melded)
 t - a +3 ring mail (melded)
Jewellery
 n - the ring "Isos" (left branch) {rN++ Dex+2}
   (You found it on level 5 of the Dungeon)

   [ring of dexterity]

   It affects your dexterity (+2).
   It greatly protects you from negative energy.
Wands
 k - a wand of polymorph (11)
 u - a wand of clouds (7)
 x - a wand of acid (9)
Scrolls
 b - 3 scrolls of blinking
 l - a scroll of remove curse
 q - 3 scrolls of amnesia
Potions
 a - 2 potions of brilliance
 e - 2 potions of magic
 h - a potion of haste
 j - 2 potions of flight
 o - 4 potions of cancellation
Comestibles
 f - 11 rations
 v - 5 chunks of flesh


   Skills:
 + Level 5.8 Fighting
 * Level 7.8 Long Blades
 - Level 1.7 Throwing
 + Level 4.6 Armour
 * Level 5.9 Dodging


You had 8 spell levels left.
You didn't know any spells.
Your spell library was empty.

Dungeon Overview and Level Annotations

Branches:
Dungeon (6/15)
 Temple: D:4-7

Altars:
Hepliaklqana
Qazlal

Shops:
D:5 [   D:6 =


Message History

The centaur hits you but does no damage.
The orc hits you but does no damage.
You miss the orc warrior.
The orc warrior is heavily wounded.
You feel sick.
The centaur hits you but does no damage.
The orc warrior hits you but does no damage.
The black bear bites you but does no damage.
The black bear claws you.
* * * LOW HITPOINT WARNING * * *
The black bear claws you but does no damage.
The centaur hits you but does no damage.
The orc hits you but does no damage.
You swing at nothing.
You feel sick.
The centaur hits you but does no damage.
The black bear bites you but does no damage.
The black bear claws you but does no damage.
The black bear barely misses you.
The orc warrior hits you with a +0 battleaxe.
You die...

................
..............#
.............#
.............# ###
###..........###
#..
..$............#
#.. #..(.......#
#.. #oc).(..#+##
#.. #♣o(.((.#∩##
#.. #.h.....####
#(.
#..........#####..
#####.............
#.............
................
#.....#####'#.#..
#.....# #.#.#..
#..... #.#.#.#


You could see an orc warrior, a black bear, a centaur and an orc.

Vanquished Creatures
  Edmund (D:4)
  A black bear (D:6)
  A sky beast (D:6)
  A necrophage (D:5)
  4 ogres
  2 phantoms
  An ice beast (D:5)
  Blork the orc (D:5)
  A bullfrog (D:6)
  A howler monkey (D:5)
  A gnoll shaman (D:5)
  A hound (D:5)
  An orc priest (D:3)
  Crazy Yiuf (D:3)
  A centaur skeleton (D:6)
  Jessica (D:2)
  An iguana (D:5)
  3 orc wizards
  9 gnolls
  9 adders
  An ooze (D:4)
  An adder skeleton (D:5)
  An adder zombie (D:5)
  3 worms
  A dart slug (D:4)
  3 leopard geckos
  14 orcs
  3 giant cockroaches
  5 goblins
  5 hobgoblins
  6 jackals
  4 kobolds
  A quokka (D:3)
  A ball python (D:3)
  5 frilled lizards
  4 rats
100 creatures vanquished.

Vanquished Creatures (others)
  4 toadstools (D:1)
4 creatures vanquished.

Grand Total: 104 creatures vanquished

Notes
Turn   | Place    | Note
-------+----------+-------------------------------------------
     0 | D:1      | Borgoz the Hill Orc Gladiator began the quest for the Orb.
     0 | D:1      | Reached XP level 1. HP: 18/18 MP: 1/1
   354 | D:1      | Reached XP level 2. HP: 25/25 MP: 2/2
   767 | D:2      | Reached XP level 3. HP: 17/30 MP: 3/3
   989 | D:2      | Reached skill level 1 in Armour
  1351 | D:2      | Noticed Jessica
  1358 | D:2      | Killed Jessica
  1358 | D:2      | Reached skill level 4 in Long Blades
  1358 | D:2      | Reached XP level 4. HP: 38/38 MP: 4/4
  1565 | D:3      | Found a stormy altar of Qazlal.
  1642 | D:3      | Reached XP level 5. HP: 37/45 MP: 5/5
  1753 | D:3      | Found a faded altar of an unknown god.
  2078 | D:3      | Found a runed translucent door.
  2079 | D:3      | Noticed Crazy Yiuf
  2236 | D:3      | Killed Crazy Yiuf
  2327 | D:4      | Noticed a phantom
  2336 | D:4      | Noticed an ogre
  2337 | D:4      | Noticed an ogre
  2355 | D:3      | Killed an ogre
  2355 | D:3      | Reached skill level 5 in Long Blades
  2355 | D:3      | Reached XP level 6. HP: 16/52 MP: 6/6
  2986 | D:4      | Killed a phantom
  2986 | D:4      | Reached XP level 7. HP: 53/59 MP: 7/7
  3011 | D:4      | Found a hazy altar of Hepliaklqana.
  3398 | D:5      | Entered Level 5 of the Dungeon
  3440 | D:5      | Reached skill level 6 in Long Blades
  3531 | D:5      | Noticed Edmund
  3735 | D:4      | Killed Edmund
  3857 | D:5      | Reached XP level 8. HP: 51/67 MP: 8/8
  3909 | D:5      | Found Ipeotir's Antique Armour Boutique.
  3926 | D:5      | Reached skill level 5 in Dodging
  3995 | D:5      | Reached skill level 5 in Fighting
  4033 | D:5      | Got a smoking silver ring
  4054 | D:5      | Noticed Blork the orc
  4062 | D:5      | Killed Blork the orc
  4062 | D:5      | Reached skill level 7 in Long Blades
  4623 | D:6      | Identified the ring "Isos" {rN++ Dex+2} (You found it on
                  | level 5 of the Dungeon)
  4702 | D:6      | Found Wusch's Jewellery Shop.
  4744 | D:6      | HP: 1/70 [orc warrior/+0 battleaxe (19)]
  4747 | D:6      | Reached XP level 9. HP: 18/75 MP: 9/9
  4749 | D:6      | HP: 5/112 [poisoned by an orc wizard]
  4749 | D:6      | Slain by an orc warrior

Levels and vault maps discovered:
D:1:      ldierk_walled_garden_2, layout_loops_ring,
          chequers_serial_rivers_micro_b
D:2:      layout_basic, hangedman_decor_growths, uniq_jessica
D:3:      layout_loops_cross, chequers_ecumenical_altar_island,
          minmay_misc_feat_doors, nicolae_qazlal_general_emergency,
          uniq_crazy_yiuf_cottage
D:4:      layout_basic, kennysheep_mini_moat, serial_bayou, serial_bayou_pond_a,
          serial_bayou_ford_a, serial_bayou_crossing, serial_bayou_pond_b,
          first_ration, minmay_liquid_box, chequers_serial_rivers_micro_c
D:5:      layout_basic, serial_shops, nicolae_shop_statue_plus,
          uniq_blork_the_orc, uniq_edmund
D:6:      layout_basic, fedhas_altar_decomposition, serial_shops,
          nicolae_shop_window_shopping

Skill      XL: |  1  2  3  4  5  6  7  8 |
---------------+-------------------------+-----
Armour         | 1 2 3 4 |  4.6
Fighting       | 3 4 5 |  5.8
Long Blades    | 4 5 6 7 |  7.8
Dodging        | 3 4 5 |  5.9
Throwing       | |  1.7

Action                   |  1- 3 |  4- 6 |  7- 9 || total
-------------------------+-------+-------+-------++-------
Melee: Long sword        |    70 |   167 |   229 ||   466
       Unarmed           |       |       |    28 ||    28
Throw: Throwing net      |       |     1 |       ||     1
  Use: Scroll            |       |    11 |     5 ||    16
       Potion            |       |       |     4 ||     4
 Stab: Held in net/web   |       |     1 |       ||     1
       Confused          |       |       |     2 ||     2
  Eat: Chunk             |     1 |     6 |     6 ||    13
Armor: Leather armour    |    11 |       |       ||    11
       Ring mail         |     3 |    90 |   114 ||   207
       Skin              |       |       |    23 ||    23
Dodge: Dodged            |    37 |   127 |   225 ||   389
       Rpst.: Long sword |    11 |    46 |    65 ||   122

Table legend:
 A = Non-vault XP
 B = Vault XP
 C = Vault XP percentage of total XP
 D = Non-vault monster count
 E = Vault monster count
 F = Vault count percentage of total count
                 A         B        C        D         E       F
            +---------+---------+-------+---------+---------+-------
      Total |    1791 |     587 |  24.7 |      94 |       6 |   6.0
            +---------+---------+-------+---------+---------+-------
        D:1 |      14 |       0 |   0.0 |       9 |       0 |   0.0
        D:2 |      53 |      37 |  41.1 |      15 |       1 |   6.2
        D:3 |     156 |     278 |  64.1 |      22 |       3 |  12.0
        D:4 |     307 |     173 |  36.0 |      10 |       1 |   9.1
        D:5 |     762 |      99 |  11.5 |      26 |       1 |   3.7
        D:6 |     499 |       0 |   0.0 |      12 |       0 |   0.0
            +---------+---------+-------+---------+---------+-------
